 Dungeon Crawl Stone Soup version 0.30-a0-778-g2ef04afb54 (webtiles) character file.

Game seed: 11324441873402342997

141 BRD the Skirmisher (level 5, -1/43 HPs)
             Began as a Gnoll Hunter on Feb 15, 2023.
             Slain by a kobold brigand
             ... wielding a +0 whip
              (6 damage)
             ... in a sewer.
             The game lasted 00:04:09 (2071 turns).

BRD the Skirmisher (Gnoll Hunter)                   Turns: 2071, Time: 00:04:09

Health: -1/43      AC:  6    Str: 10    XL:     5   Next: 24%
Magic:  16/16      EV: 13    Int: 11    God:
Gold:   119        SH:  0    Dex: 15    Spells: 6/6 levels left

rFire   . . .      SeeInvis .    a - +0 shortbow
rCold   . . .      Faith    .    (shield currently unavailable)
rNeg    . . .      Spirit   .    c - +0 leather armour
rPois   .          Reflect  .    m - +2 helmet
rElec   .          Harm     .    (no cloak)
rCorr   .          Rampage  .    (no gloves)
Will    .....                    (no boots)
Stlth   ++                       (no amulet)
HPRegen 0.27/turn                n - ring of magical power
MPRegen 0.15/turn                (no ring)

@: lethally poisoned (-1 -> -7)
A: fangs 1, strong nose, distributed training
a: no special abilities


You were in a sewer.
You visited 1 branch of the dungeon, and saw 3 of its levels.
You also visited: Sewer.

You collected 119 gold pieces.

Inventory:

Hand Weapons
 a - a +0 shortbow (weapon)
Armour
 c - a +0 leather armour (worn)
 m - a +2 helmet (worn)
Jewellery
 n - a ring of magical power (left hand)
Scrolls
 b - 3 scrolls of immolation
 f - 2 scrolls of fog {unknown}
 k - a scroll of identify {unknown}
 o - a scroll of magic mapping {unknown}
 p - a scroll of poison {unknown}
Potions
 d - a potion of might {unknown}
 e - a potion of cancellation {unknown}
 g - a potion of mutation {unknown}
 h - 6 potions of curing {unknown}
 i - a potion of brilliance {unknown}
 j - a potion of resistance {unknown}
 l - 2 potions of haste {unknown}


   Skills:
 + Level 4.8 Fighting
 + Level 1.4 Short Blades
 + Level 1.4 Long Blades
 + Level 1.4 Axes
 + Level 1.4 Maces & Flails
 + Level 1.4 Polearms
 + Level 1.4 Staves
 + Level 8.6 Ranged Weapons
 + Level 1.4 Throwing
 + Level 1.4 Armour
 + Level 4.8 Dodging
 + Level 2.7 Stealth
 + Level 1.4 Shields
 + Level 1.4 Unarmed Combat
 + Level 1.4 Spellcasting
 + Level 1.1 Conjurations
 + Level 1.1 Hexes
 + Level 1.1 Summonings
 + Level 1.1 Necromancy
 + Level 1.1 Translocations
 + Level 1.1 Transmutations
 + Level 1.1 Fire Magic
 + Level 1.1 Ice Magic
 + Level 1.1 Air Magic
 + Level 1.1 Earth Magic
 + Level 1.1 Poison Magic
 + Level 1.6 Invocations
 + Level 1.4 Evocations


You had 6 spell levels left.
You didn't know any spells.
Your spell library contained the following spells:

 Spells                   Type           Power      Damage    Failure   Level
 Cigotuvi's Dreadful Rot  Necr/Pois/Air  6%         N/A       36%         2
 Poisonous Vapours        Pois/Air       6%         N/A       36%         2
 Mephitic Cloud           Conj/Pois/Air  3%         N/A       58%         3


Dungeon Overview and Level Annotations

Branches:
Dungeon (3/15)              Sewer (1/1)

Altars:

Shops:
D:1 :


Innate Abilities, Weirdness & Mutations

You have very sharp teeth.
Your uncanny sense of smell can sniff out nearby items.
Your experience applies equally to all skills.


Message History

You shoot an arrow.
The arrow hits the kobold brigand but does no damage.
You feel sick.
Fire: a) +0 shortbow
Press: ? - help, Q - select action Shift-Dir - straight line, f/p - kobold brigand
Aim: a kobold brigand, wielding a +0 dagger and quivering poisoned darts (severely wounded, 59% to hit)
You shoot an arrow.
The arrow closely misses the kobold brigand.
You feel sick.
The kobold brigand throws a poisoned dart.
The poisoned dart hits you!
You are more poisoned.
The kobold brigand throws a poisoned dart.
The poisoned dart hits you!
You are more poisoned.
Fire: a) +0 shortbow
Press: ? - help, Q - select action Shift-Dir - straight line, f/p - kobold brigand
Aim: a kobold brigand, wielding a +0 dagger and quivering poisoned darts (severely wounded, 59% to hit)
You shoot an arrow. The arrow hits the kobold brigand.
The kobold brigand is severely wounded.
You feel very sick.
Fire: a) +0 shortbow
Press: ? - help, Q - select action Shift-Dir - straight line, f/p - kobold brigand
Aim: a kobold brigand, wielding a +0 dagger and quivering poisoned darts (severely wounded, 59% to hit)
You shoot an arrow.
The arrow barely misses the kobold brigand.
* * * LOW HITPOINT WARNING * * *
You feel very sick. The kobold brigand closely misses you.
Fire: a) +0 shortbow
Press: ? - help, Q - select action Shift-Dir - straight line, f/p - kobold brigand
Aim: a kobold brigand, wielding a +0 dagger and quivering poisoned darts (severely wounded, 59% to hit)
You shoot an arrow.
The arrow closely misses the kobold brigand.
* * * LOW HITPOINT WARNING * * *
You feel very sick.
The kobold brigand hits you with a +0 dagger.
* * * LOW HITPOINT WARNING * * *
The kobold brigand hits you with a +0 whip.
You die...

###.~≈~.# #∩..~≈~.#
###.~≈≈.# #.~≈~.#
##~~≈~.##
#.~~≈~..###############
#~~~≈~~~~~~~~~~~~~~~~~~
#~.~≈~.~###############
#..~≈~@~# #.~~≈~KK#
#~~≈≈≈~~# #.~≈≈≈~~#
#.~≈≈≈)~# #..~~~)~#
#...~~..# ####.#### ..


You could see 2 kobold brigands.

Vanquished Creatures
  4 adders (D:2)
  4 river rats
  3 worms
  2 endoplasms
  5 giant cockroaches
  7 goblins
  5 hobgoblins
  A jackal (Sewer)
  4 quokkas
  3 ball pythons
  4 bats
  5 frilled lizards
  10 kobolds
  9 rats
66 creatures vanquished.

Notes
Turn   | Place    | Note
-------+----------+-------------------------------------------
     0 | D:1      | BRD the Gnoll Hunter began the quest for the Orb.
     0 | D:1      | Reached XP level 1. HP: 20/20 MP: 1/1
    78 | D:1      | Found Ikledwet's Book Shop.
   135 | D:1      | Reached XP level 2. HP: 26/26 MP: 2/2
   171 | D:1      | You fall into a shaft and drop 1 floor!
   184 | D:2      | Found a faded altar of an unknown god.
   196 | D:2      | Reached XP level 3. HP: 23/31 MP: 2/4
   287 | D:1      | Reached skill level 1 in Invocations
  1066 | D:2      | Reached skill level 1 in Short Blades
  1066 | D:2      | Reached skill level 1 in Long Blades
  1066 | D:2      | Reached skill level 1 in Axes
  1066 | D:2      | Reached skill level 1 in Maces & Flails
  1066 | D:2      | Reached skill level 1 in Polearms
  1066 | D:2      | Reached skill level 1 in Staves
  1066 | D:2      | Reached skill level 1 in Throwing
  1066 | D:2      | Reached skill level 1 in Armour
  1066 | D:2      | Reached skill level 1 in Shields
  1066 | D:2      | Reached skill level 1 in Unarmed Combat
  1066 | D:2      | Reached skill level 1 in Spellcasting
  1066 | D:2      | Reached skill level 1 in Evocations
  1190 | D:2      | Reached XP level 4. HP: 38/38 MP: 5/5
  1361 | D:2      | Reached skill level 1 in Conjurations
  1361 | D:2      | Reached skill level 1 in Hexes
  1361 | D:2      | Reached skill level 1 in Summonings
  1361 | D:2      | Reached skill level 1 in Necromancy
  1361 | D:2      | Reached skill level 1 in Translocations
  1361 | D:2      | Reached skill level 1 in Transmutations
  1361 | D:2      | Reached skill level 1 in Fire Magic
  1361 | D:2      | Reached skill level 1 in Ice Magic
  1361 | D:2      | Reached skill level 1 in Air Magic
  1361 | D:2      | Reached skill level 1 in Earth Magic
  1361 | D:2      | Reached skill level 1 in Poison Magic
  1934 | D:3      | Reached XP level 5. HP: 43/43 MP: 7/7
  1969 | D:3      | Found a glowing drain.
  1973 | Sewer    | Entered a sewer
  2055 | Sewer    | Noticed a kobold brigand
  2057 | Sewer    | Noticed a kobold brigand
  2071 | Sewer    | Slain by a kobold brigand

Illustrated notes

Levels and vault maps discovered:
D:1:      onia_arrival_pentagram, layout_basic, serial_shops, nicolae_shop_stone
D:2:      minmay_diamond_boxcup, layout_loops_ring, nicolae_ecumenical_pavilion,
          serial_bayou_pond_e
D:3:      layout_basic, serial_co_window_serial, co_window_of_opportunity_a,
          co_window_of_opportunity_a, co_window_corner_a, co_window_paths_a,
          co_window_paths_a, co_window_paths_a, co_window_of_opportunity_b,
          co_window_unsneaky_path_c, co_window_paths_c, co_window_2corner,
          co_window_corner_b, co_window_cross_4, co_window_4corner_a,
          co_window_paths_e, glass_columns_a, gup_sewer_entry_spiral, uniq_robin
Sewer:    sewer_kobolds

Skill      XL: |  1  2  3  4 |
---------------+-------------+-----
Invocations    | 1 |  1.6
Short Blades   | 1 |  1.4
Long Blades    | 1 |  1.4
Axes           | 1 |  1.4
Maces & Flails | 1 |  1.4
Polearms       | 1 |  1.4
Staves         | 1 |  1.4
Throwing       | 1 |  1.4
Armour         | 1 |  1.4
Shields        | 1 |  1.4
Unarmed Combat | 1 |  1.4
Spellcasting   | 1 |  1.4
Evocations     | 1 |  1.4
Conjurations   | 1 |  1.1
Hexes          | 1 |  1.1
Summonings     | 1 |  1.1
Necromancy     | 1 |  1.1
Translocations | 1 |  1.1
Transmutations | 1 |  1.1
Fire Magic     | 1 |  1.1
Ice Magic      | 1 |  1.1
Air Magic      | 1 |  1.1
Earth Magic    | 1 |  1.1
Poison Magic   | 1 |  1.1
Fighting       | |  4.8
Ranged Weapons | |  8.6
Dodging        | |  4.8
Stealth        | |  2.7

Action                     |  1- 3 |  4- 6 || total
---------------------------+-------+-------++-------
   Fire: Shortbow          |    89 |   126 ||   215
 Armour: Leather armour    |     2 |    14 ||    16
  Dodge: Dodged            |    24 |    40 ||    64

Table legend: (Time is in decaauts)
 A = Elapsed time spent in this place.
 B = Non-inter-level travel time spent in this place.
 C = Inter-level travel time spent in this place.
 D = Time resting spent in this place.
 E = Time spent auto-exploring this place.
 F = Levels seen in this place.
 G = Mean time per level.
                   A        B        C        D        E       F      G
               +--------+--------+--------+--------+--------+-----+--------+
         Total |   2130 |   2106 |     24 |      0 |   1546 |   4 |  532.5 |
       Dungeon |   2014 |   1990 |     24 |      0 |   1474 |   3 |  671.3 |
         Sewer |    116 |    116 |      0 |      0 |     71 |   1 |  116.0 |
               +--------+--------+--------+--------+--------+-----+--------+

Top non-repeatable levels by time:
     D:2: 875 daAuts
     D:1: 840 daAuts
     D:3: 298 daAuts
   Sewer: 116 daAuts
